 Dungeon Crawl Stone Soup version 0.27-a0-1105-g946c659c87 (webtiles) character file.

Game seed: 7196324744188344404

170 kae the Chopper (level 5, -4/47 HPs)
             Began as a Hill Orc Fighter on Apr 29, 2021.
             Slain by an ogre
             ... wielding a +0 giant spiked club
              (14 damage)
             ... on level 4 of the Dungeon.
             The game lasted 00:01:53 (3464 turns).

kae the Chopper (Hill Orc Fighter)                  Turns: 3464, Time: 00:01:54

Health: -4/47      AC:  7    Str: 20    XL:     5   Next: 51%
Magic:  5/5        EV:  7    Int:  8    God:
Gold:   168        SH:  9    Dex: 10    Spells: 4/4 levels left

rFire    . . .     SeeInvis .   a - +1 war axe
rCold    . . .     Faith    .   c - +0 kite shield
rNeg     . . .     Spirit   .   b - +0 scale mail
rPois    .         Reflect  .   (no helmet)
rElec    .         Harm     .   (no cloak)
rCorr    .         Rampage  .   (no gloves)
Will     .....                  (no boots)
Stlth    ..........             (no amulet)
HPRegen  0.15/turn              (no ring)
MPRegen  0.09/turn              (no ring)

@: no status effects
A: no striking features
a: no special abilities


You were on level 4 of the Dungeon.
You visited 1 branch of the dungeon, and saw 4 of its levels.

You collected 168 gold pieces.

Inventory:

Hand Weapons
 a - a +1 war axe (weapon)
Missiles
 j - a throwing net (quivered)
Armour
 b - a +0 scale mail (worn)
 c - a +0 kite shield (worn)
Jewellery
 i - a ring of ice
 k - a ring of flight
Wands
 m - a wand of polymorph (20)
Scrolls
 f - 2 scrolls of teleportation
Potions
 d - a potion of might
 e - 2 potions of heal wounds
 g - a potion of haste
 h - a potion of flight
 l - 3 potions of curing


   Skills:
 + Level 4.6 Fighting
 * Level 5.0 Axes
 + Level 4.1 Armour
 + Level 1.5 Dodging
 - Level 3.3 Shields


You had 4 spell levels left.
You didn't know any spells.
Your spell library was empty.

Dungeon Overview and Level Annotations

Branches:
Dungeon (4/15)
 Temple: D:4-7

Altars:
Dithmenos
Qazlal

Shops:
D:3 =


Message History

Key pressed, stopping explore.
No target in view!
No target in view!
Done exploring.
No target in view!
No target in view!
Done exploring.
Done exploring.
No target in view!
No target in view!
Done exploring.
No target in view!
No target in view!
As you read the scroll of identify, it crumbles to dust.
g - a potion of haste Done exploring.
Done exploring.
Done exploring.
(D) Dungeon
Where to? (Enter - D:3, ? - help)
There is a stone staircase leading down here.
You climb downwards.
An ogre comes into view. It is wielding a +0 giant spiked club.
There is a stone staircase leading up here.
An ogre is nearby!
An ogre is nearby!
An ogre is nearby!
Found a scroll labelled KOLUZX JOIBO.
You block the ogre's attack.
An ogre is nearby!
You slash the ogre!
The ogre is moderately wounded.
The ogre hits you with a +0 giant spiked club!
You slash the ogre!
The ogre is severely wounded.
The ogre hits you with a +0 giant spiked club!!
Ouch! That really hurt!
* * * LOW HITPOINT WARNING * * *
The ogre hits you with a +0 giant spiked club!
You die...

#.# #.# ##.##
#...# #..<#
#...# #
#####...##.##
##...........##
.......@.......
##.....O.....##
###.#...#..##
#.#...#.##
#.#...#.# #...#
.?... ##...


You could see an ogre.

Vanquished Creatures
  Jessica (D:3)
  4 gnolls
  5 adders
  5 ball pythons
  3 bats (D:1)
  4 endoplasms
  3 giant cockroaches
  6 goblins
  6 hobgoblins
  3 jackals (D:1)
  4 kobolds
  6 quokkas
  4 frilled lizards
  4 rats
58 creatures vanquished.

Vanquished Creatures (others)
  3 plants (D:1)
3 creatures vanquished.

Grand Total: 61 creatures vanquished

Notes
Turn   | Place    | Note
-------+----------+-------------------------------------------
     0 | D:1      | kae the Hill Orc Fighter began the quest for the Orb.
     0 | D:1      | Reached XP level 1. HP: 19/19 MP: 1/1
   100 | D:1      | Reached skill level 3 in Axes
   100 | D:1      | Reached XP level 2. HP: 23/27 MP: 2/2
   187 | D:1      | Found a faded altar of an unknown god.
   635 | D:1      | Reached XP level 3. HP: 33/33 MP: 3/3
  1427 | D:1      | Reached skill level 4 in Axes
  1427 | D:1      | Reached skill level 1 in Dodging
  1427 | D:1      | Reached XP level 4. HP: 22/40 MP: 4/4
  2244 | D:3      | Reached XP level 5. HP: 42/47 MP: 5/5
  2658 | D:3      | Found Xaeteb's Jewellery Boutique.
  2797 | D:3      | Found a stormy altar of Qazlal.
  2817 | D:3      | Found a shadowy altar of Dithmenos.
  2852 | D:3      | Noticed Jessica
  2858 | D:3      | Killed Jessica
  3099 | D:3      | Reached skill level 5 in Axes
  3458 | D:4      | Noticed an ogre
  3464 | D:4      | Slain by an ogre

Illustrated notes

Levels and vault maps discovered:
D:1:      saegor_arrival_simple_c, layout_loops_ring,
          shapermc_ecumenical_altar_mp_ritualfount
D:2:      layout_basic, minmay_misc_feat_alley, minmay_tromino_v7
D:3:      layout_basic, nicolae_qazlal_eye_of_the_storm,
          nicolae_overflow_crystal_walls, serial_shops,
          nicolae_shop_temple_entry_statues_fountains, uniq_jessica
D:4:      layout_loops_cross, lemuel_temple_firewalk_b, uniq_ijyb

Skill      XL: |  1  2  3  4  5 |
---------------+----------------+-----
Axes           | 3 4 5 |  5.0
Fighting       | 4 |  4.6
Dodging        | 1 |  1.5
Armour         | 4 |  4.1
Shields        | |  3.3

Action                   |  1- 3 |  4- 6 || total
-------------------------+-------+-------++-------
Melee: War axe           |   114 |    81 ||   195
  Use: Scroll            |     3 |     6 ||     9
Armor: Scale mail        |    59 |    30 ||    89
Dodge: Dodged            |    37 |    30 ||    67
Block: Kite shield       |    71 |    43 ||   114

Table legend: (Time is in decaauts)
 A = Elapsed time spent in this place.
 B = Non-inter-level travel time spent in this place.
 C = Inter-level travel time spent in this place.
 D = Time resting spent in this place.
 E = Time spent auto-exploring this place.
 F = Levels seen in this place.
 G = Mean time per level.
                   A        B        C        D        E       F      G
               +--------+--------+--------+--------+--------+-----+--------+
         Total |   3570 |   3465 |    105 |     58 |   2891 |   4 |  892.5 |
       Dungeon |   3570 |   3465 |    105 |     58 |   2891 |   4 |  892.5 |
               +--------+--------+--------+--------+--------+-----+--------+

Top non-repeatable levels by time:
     D:3: 1317 daAuts
     D:1: 1221 daAuts
     D:2: 1026 daAuts
     D:4: 6 daAuts
